 Dungeon Crawl Stone Soup version 0.29.1-15-g9cfb28693d (webtiles) character file.

Game seed: 3727641089188110735

305 Dvallin the Poker (level 6, -4/47 HPs)
             Began as a Gnoll Wanderer on Feb 26, 2023.
             Slain by an ogre
             ... wielding a +0 giant spiked club
              (16 damage)
             ... on level 4 of the Dungeon.
             The game lasted 00:10:03 (4075 turns).

Dvallin the Poker (Gnoll Wanderer)                  Turns: 4075, Time: 00:10:04

Health: -4/47      AC:  8    Str: 18    XL:     6   Next: 39%
Magic:  3/3        EV: 10    Int:  9    God:
Gold:   174        SH:  0    Dex: 16    Spells: 9/9 levels left

rFire   + . .      SeeInvis .   t - +4 hand axe of Dim Light {antimagic, rF+ rC+ Str+3 Dex+2}
rCold   + . .      Faith    .   d - orb {light}
rNeg    . . .      Spirit   .   D - +1 scale mail of Aqemu {Dex+2}
rPois   .          Reflect  .   (no helmet)
rElec   .          Harm     .   (no cloak)
rCorr   .          Rampage  .   (no gloves)
Will    .....                   (no boots)
Stlth   +.........              (no amulet)
HPRegen 0.15/turn               (no ring)
MPRegen 0.08/turn               (no ring)

@: glowing
A: fangs 1, strong nose, distributed training
a: no special abilities


You were on level 4 of the Dungeon.
You visited 1 branch of the dungeon, and saw 4 of its levels.

You collected 174 gold pieces.

Inventory:

Hand Weapons
 k - a +0 quarterstaff
 p - a +0 sling
 t - the +4 hand axe of Dim Light (weapon) {antimagic, rF+ rC+ Str+3 Dex+2}
   (You found it on level 2 of the Dungeon)

   It reduces the magical energy of the wielder, and disrupts the spells and
   magical abilities of those it strikes.
   Natural abilities and divine invocations are not affected.
   Str:       It affects your strength (+3).
   Dex:       It affects your dexterity (+2).
   rF:        It protects you from fire.
   rC:        It protects you from cold.
 w - a +0 trident
Missiles
 b - an atropa-tipped dart
 c - a datura-tipped dart
 h - 4 boomerangs (quivered)
 z - 10 poisoned darts
Armour
 d - an orb of light (worn)
 e - a +0 ring mail
 D - the +1 scale mail of Aqemu (worn) {Dex+2}
   (You found it on level 3 of the Dungeon)

   Dex:       It affects your dexterity (+2).
Jewellery
 o - a +6 ring of dexterity
 C - an amulet of regeneration
Scrolls
 a - a scroll of enchant armour {unknown}
 f - 4 scrolls of teleportation
 i - a scroll of amnesia {unknown}
 n - a scroll of torment {unknown}
 r - 4 scrolls of identify {unknown}
 s - a scroll of blinking {unknown}
 x - 2 scrolls of immolation {unknown}
 y - 2 scrolls of magic mapping {unknown}
 A - a scroll of brand weapon {unknown}
Potions
 g - 4 potions of curing {unknown}
 j - a potion of degeneration {unknown}
 l - a potion of haste {unknown}
 m - a potion of attraction {unknown}
 q - a potion of resistance {unknown}
 u - a potion of brilliance {unknown}
 v - a potion of magic {unknown}
 B - a potion of heal wounds {unknown}


   Skills:
 + Level 3.3 Fighting
 + Level 2.0 Short Blades
 + Level 2.0 Long Blades
 + Level 2.0 Axes
 + Level 2.0 Maces & Flails
 + Level 6.8 Polearms
 + Level 2.0 Staves
 + Level 2.0 Ranged Weapons
 + Level 2.0 Throwing
 + Level 5.0 Armour
 + Level 2.0 Dodging
 + Level 6.3 Stealth
 + Level 2.0 Shields
 + Level 2.0 Unarmed Combat
 + Level 2.0 Spellcasting
 + Level 1.6 Conjurations
 + Level 1.6 Hexes
 + Level 1.6 Summonings
 + Level 1.6 Necromancy
 + Level 1.6 Translocations
 + Level 1.6 Transmutations
 + Level 1.6 Fire Magic
 + Level 1.6 Ice Magic
 + Level 1.6 Air Magic
 + Level 1.6 Earth Magic
 + Level 1.6 Poison Magic
 + Level 2.2 Invocations
 + Level 3.3 Evocations


You had 9 spell levels left.
You didn't know any spells.
Your spell library contained the following spells:

 Spells                   Type           Power      Damage    Failure   Level
 Apportation              Tloc           6%         N/A       45%         1
 Dazzling Flash           Conj/Hex       6%         N/A       83%         3
 Agony                    Necr           3%         N/A       100%        5
 Alistair's Intoxication  Tmut/Pois      2%         N/A       100%        5
 Silence                  Hex/Air        1%         N/A       100%        5


Dungeon Overview and Level Annotations

Branches:
Dungeon (4/15)
 Temple: D:4-7

Altars:

Shops:
D:1 (


Innate Abilities, Weirdness & Mutations

You have very sharp teeth.
Your uncanny sense of smell can sniff out nearby items.
Your experience applies equally to all skills.


Message History

Found 2 puce potions and a shiny orb.
g - 4 puce potions (gained 2)
You see here an orb of light.
d - an orb of light
Okay, then.
You start putting on your armour.
You continue putting on your orb of light. x4
You finish putting on your orb of light.
You open the door.
Found 5 gold pieces.
There is an open door here.
You now have 174 gold pieces (gained 5).
You open the door.
An ogre comes into view. It is wielding a +0 giant spiked club.
The ogre shouts!
Found 5 gold pieces.
A phantom and 2 adders come into view.
The adder hisses angrily.
You hear an angry hiss.
An adder comes into view.
There is an open door here.
The adder hisses angrily. x2
There is an open door here.
The ogre hits you with a +0 giant spiked club!
You slash the ogre!
The ogre is moderately wounded.
The ogre hits you with a +0 giant spiked club!!
* * * LOW HITPOINT WARNING * * *
You are too injured to fight recklessly!
You are too injured to fight recklessly!
You are too injured to fight recklessly!
You are too injured to fight recklessly!
You slash the ogre!
The ogre is severely wounded.
The ogre barely misses you.
You hit the ogre.
The ogre is almost dead.
You hit the ogre.
The ogre is almost dead.
The ogre hits you with a +0 giant spiked club!
You die...

...# ....#### #########
.......# #.......# .......#
#.......# #......# #.......#
#......#
##.......############......#
.........'......@OSSSW..$..##
.........############........
.........# #........
....>....# #S.S.....
....###### #........ #####
#..S..... #........ #........
#........


You could see an ogre, a phantom and 3 adders.

Vanquished Creatures
  A necrophage (D:4)
  A hound (D:3)
  Jessica (D:2)
  An iguana (D:4)
  8 adders
  3 worms (D:2)
  A dart slug (D:1)
  2 orcs
  5 bats
  8 endoplasms
  2 giant cockroaches (D:1)
  5 goblins
  10 hobgoblins
  8 jackals
  8 ball pythons
  3 frilled lizards
  6 kobolds
  2 rats
  A toadstool (D:1)
76 creatures vanquished.

Vanquished Creatures (others)
  3 toadstools (D:1)
3 creatures vanquished.

Grand Total: 79 creatures vanquished

Notes
Turn   | Place    | Note
-------+----------+-------------------------------------------
     0 | D:1      | Dvallin the Gnoll Wanderer began the quest for the Orb.
     0 | D:1      | Dvallin set off with the following items: a +0 dagger, an
                  | atropa-tipped dart, a datura-tipped dart, a +0 spear, a +0
                  | ring mail, a scroll of teleportation.
     0 | D:1      | Reached XP level 1. HP: 17/17 MP: 1/1
    98 | D:1      | Found Luritrun's Antique Weapon Emporium.
   375 | D:1      | Reached XP level 2. HP: 11/23 MP: 2/2
   986 | D:1      | Reached XP level 3. HP: 27/28 MP: 3/3
  1198 | D:2      | Reached skill level 1 in Invocations
  1523 | D:2      | Identified the +4 hand axe of Dim Light {antimagic, rF+ rC+
                  | Str+3 Dex+2}
  1763 | D:2      | Reached skill level 1 in Short Blades
  1763 | D:2      | Reached skill level 1 in Long Blades
  1763 | D:2      | Reached skill level 1 in Axes
  1763 | D:2      | Reached skill level 1 in Maces & Flails
  1763 | D:2      | Reached skill level 1 in Staves
  1763 | D:2      | Reached skill level 1 in Ranged Weapons
  1763 | D:2      | Reached skill level 1 in Throwing
  1763 | D:2      | Reached skill level 1 in Dodging
  1763 | D:2      | Reached skill level 1 in Shields
  1763 | D:2      | Reached skill level 1 in Unarmed Combat
  1763 | D:2      | Reached skill level 1 in Spellcasting
  2013 | D:2      | Reached XP level 4. HP: 27/34 MP: 1/5
  2334 | D:2      | Noticed Jessica
  2348 | D:2      | Killed Jessica
  2349 | D:2      | Reached skill level 1 in Conjurations
  2349 | D:2      | Reached skill level 1 in Hexes
  2349 | D:2      | Reached skill level 1 in Summonings
  2349 | D:2      | Reached skill level 1 in Necromancy
  2349 | D:2      | Reached skill level 1 in Translocations
  2349 | D:2      | Reached skill level 1 in Transmutations
  2349 | D:2      | Reached skill level 1 in Fire Magic
  2349 | D:2      | Reached skill level 1 in Ice Magic
  2349 | D:2      | Reached skill level 1 in Air Magic
  2349 | D:2      | Reached skill level 1 in Earth Magic
  2349 | D:2      | Reached skill level 1 in Poison Magic
  2710 | D:3      | Reached XP level 5. HP: 40/40 MP: 2/7
  3283 | D:3      | Identified the +1 scale mail of Aqemu {Dex+2}
  3338 | D:3      | Found a faded altar of an unknown god.
  3483 | D:4      | Reached XP level 6. HP: 39/47 MP: 2/8
  3577 | D:4      | Reached skill level 5 in Armour
  4075 | D:4      | Slain by an ogre

Illustrated notes

Levels and vault maps discovered:
D:1:      ldierk_water_garden, layout_basic, serial_shops, shop, minmay_bisected
D:2:      layout_loops_ring, minmay_randomly_rotated_circles, uniq_jessica
D:3:      layout_basic, hellmonk_ecumenical_altar_inner_sanctum
D:4:      layout_basic

Skill      XL: |  1  2  3  4  5  6 |
---------------+-------------------+-----
Stealth        | 6 |  6.3
Invocations    | 1 2 |  2.2
Short Blades   | 1 2 |  2.0
Long Blades    | 1 2 |  2.0
Axes           | 1 2 |  2.0
Maces & Flails | 1 2 |  2.0
Staves         | 1 2 |  2.0
Ranged Weapons | 1 2 |  2.0
Throwing       | 1 2 |  2.0
Dodging        | 1 2 |  2.0
Shields        | 1 2 |  2.0
Unarmed Combat | 1 2 |  2.0
Spellcasting   | 1 2 |  2.0
Conjurations   | 1 |  1.6
Hexes          | 1 |  1.6
Summonings     | 1 |  1.6
Necromancy     | 1 |  1.6
Translocations | 1 |  1.6
Transmutations | 1 |  1.6
Fire Magic     | 1 |  1.6
Ice Magic      | 1 |  1.6
Air Magic      | 1 |  1.6
Earth Magic    | 1 |  1.6
Poison Magic   | 1 |  1.6
Fighting       | 3 |  3.3
Evocations     | 3 |  3.3
Armour         | 5 |  5.0
Polearms       | |  6.8

Action                   |  1- 3 |  4- 6 || total
-------------------------+-------+-------++-------
Melee: Spear             |    64 |       ||    64
       Dagger            |     6 |       ||     6
       Bite              |    11 |     8 ||    19
       Quarterstaff      |    26 |       ||    26
       Hand axe          |    12 |   100 ||   112
       Punch             |       |     1 ||     1
 Fire: Sling             |    30 |    32 ||    62
Throw: Boomerang         |       |     2 ||     2
 Stab: Sleeping          |     4 |     7 ||    11
Armor: Ring mail         |    42 |    36 ||    78
       Scale mail        |       |    18 ||    18
Dodge: Dodged            |    67 |    64 ||   131
